 Dungeon Crawl Stone Soup version 0.28-a0-657-g71136c5590 (webtiles) character file.

Game seed: 12716557031979733465

184865 KristoblXynda the Swashbuckler (level 19, -12/120 HPs)
             Began as a Kobold Gladiator on Oct 13, 2021.
             Was the Champion of Okawaru.
             Mangled by a naga warrior (30 damage)
             ... on level 4 of the Snake Pit.
             The game lasted 01:14:56 (41600 turns).

KristoblXynda the Swashbuckler (Kobold Gladiator)  Turns: 41600, Time: 01:14:57

Health: -12/120    AC: 23    Str: 19    XL:     19   Next: 12%
Magic:  30/30      EV: 24    Int: 22    God:    Okawaru [******]
Gold:   1177       SH: 13    Dex: 18    Spells: 25/32 levels left

rFire   + . .      SeeInvis .   i - +11 short sword "Gufes" {drain, *Corrode rElec rN+ Str+3}
rCold   + . .      Faith    .   O - +1 buckler
rNeg    + . .      Spirit   .   I - +1 acid dragon scales
rPois   +          Reflect  +   c - +1 helmet
rElec   +          Harm     .   B - scarf {repulsion}
rCorr   +          Rampage  .   S - +2 pair of gloves of Lethargy {Int+4}
Will    +....                   y - +2 pair of boots of Tifan {rC+ Regen+ Int+2}
Stlth   ++++++....              a - amulet of reflection
HPRegen 1.30/turn               e - ring of Rolip {+Blink rPois rF+ AC+4 Str-5 Int+4}
MPRegen 0.22/turn               j - +6 ring of strength

@: lethally poisoned (-12 -> -12), about to teleport, wereblooded, constricted,
repel missiles
A: small, no large weapons, nightstalker 3
a: Renounce Religion, Evoke Blink, Heroism, Finesse, Duel


You were on level 4 of the Snake Pit.
You worshipped Okawaru.
Okawaru was exalted by your worship.
You visited 5 branches of the dungeon, and saw 28 of its levels.
You also visited: Ossuary and Gauntlet.

You collected 3335 gold pieces.
You spent 2158 gold pieces at shops.

Inventory:

Hand Weapons
 i - the +11 short sword "Gufes" (weapon) {drain, *Corrode rElec rN+ Str+3}
   (Okawaru gifted it to you on level 1 of the Snake Pit)

   A truly terrible weapon, it drains the life of any living foe it strikes.
   Str:       It affects your strength (+3).
   rElec:     It insulates you from electricity.
   rN:        It protects you from negative energy.
   *Corrode:  It may corrode you when you take damage.
 u - the +4 dagger "Morg" {pain, Will+ Int+5}
   (You acquired it on level 1 of the Snake Pit)

   In the hands of one skilled in necromantic magic, it inflicts extra damage on
   living creatures.
   Int:       It affects your intelligence (+5).
   Will:      It increases your willpower.
 Q - a +9 quick blade
Missiles
 d - 8 throwing nets (quivered)
 P - 5 curare-tipped darts
Armour
 c - a +1 helmet (worn)
 l - the +0 cloak of Testrod {*Corrode rElec Str+6}
   (You found it on level 3 of the Snake Pit)

   Str:       It affects your strength (+6).
   rElec:     It insulates you from electricity.
   *Corrode:  It may corrode you when you take damage.
 y - the +2 pair of boots of Tifan (worn) {rC+ Regen+ Int+2}
   (You found it in a Gauntlet)

   Int:       It affects your intelligence (+2).
   rC:        It protects you from cold.
   Regen:     It increases your rate of health regeneration.
 B - a scarf of repulsion (worn)
 I - +1 acid dragon scales (worn)
 O - a +1 buckler (worn)
 S - the +2 pair of gloves of Lethargy (worn) {Int+4}
   (Okawaru gifted it to you on level 14 of the Dungeon)

   Int:       It affects your intelligence (+4).
Jewellery
 a - an amulet of reflection (around neck)
 e - the ring of Rolip (left hand) {+Blink rPois rF+ AC+4 Str-5 Int+4}
   (You bought it in a shop on level 2 of the Orcish Mines)

   [ring of protection]

   AC:        It affects your AC (+4).
   Str:       It affects your strength (-5).
   Int:       It affects your intelligence (+4).
   rF:        It protects you from fire.
   rPois:     It protects you from poison.
   +Blink:    It lets you blink.
 j - a +6 ring of strength (right hand)
 A - a +4 ring of protection
Wands
 b - a wand of acid (3)
 q - a wand of paralysis (5)
 w - a wand of mindburst (15)
 G - a wand of iceblast (25)
Scrolls
 g - 10 scrolls of teleportation
 h - 3 scrolls of amnesia
 m - 5 scrolls of holy word
 r - 11 scrolls of identify
 x - 3 scrolls of fog
 E - a scroll of silence
 N - 2 scrolls of magic mapping
Potions
 f - 3 potions of mutation
 k - 7 potions of cancellation
 n - 21 potions of curing
 p - 9 potions of flight
 s - 4 potions of attraction
 t - 6 potions of invisibility
 z - 6 potions of heal wounds
 C - 4 potions of magic
 D - 5 potions of haste
 F - 14 potions of ambrosia
Miscellaneous
 v - a condenser vane
 J - a tin of tremorstones (inert)
 K - a phial of floods
 L - a lightning rod (4/4)


   Skills:
 + Level 13.7 Fighting
 - Level 20.0 Short Blades
 - Level 2.1 Throwing
 - Level 10.1 Armour
 + Level 18.5 Dodging
 - Level 14.2 Stealth
 - Level 6.0 Shields
 + Level 7.4 Spellcasting
 - Level 5.0 Transmutations
 + Level 6.2 Invocations
 - Level 10.0 Evocations


You had 25 spell levels left.
You knew the following spells:

 Your Spells              Type           Power      Damage    Failure   Level
a - Wereblood             Tmut           30%        N/A       1%          2
b - Silence               Hex/Air        4%         N/A       95%         5

Your spell library contained the following spells:

 Spells                   Type           Power      Damage    Failure   Level
 Beastly Appendage        Tmut           60%        N/A       1%          1
 Sting                    Tmut/Pois      76%        1d6       3%          1
 Passwall                 Tmut/Erth      15%        N/A       5%          2
 Apportation              Tloc           16%        N/A       10%         1
 Magic Dart               Conj           32%        1d4       10%         1
 Pain                     Necr           32%        1d5       10%         1
 Sandblast                Erth           16%        2d6       10%         1
 Spider Form              Tmut/Pois      9%         N/A       11%         3
 Poisonous Vapours        Pois/Air       16%        N/A       14%         2
 Searing Ray              Conj           16%        2d5       14%         2
 Slow                     Hex            8%         N/A       14%         2
 Ignite Poison            Fire/Tmut/Pois 15%        N/A       14%         3
 Confusing Touch          Hex            8%         N/A       28%         3
 Dazzling Flash           Conj/Hex       16%        N/A       28%         3
 Mephitic Cloud           Conj/Pois/Air  8%         N/A       28%         3
 Stone Arrow              Conj/Erth      16%        3d8       28%         3
 Vampiric Draining        Necr           4%         2d6       28%         3
 Fulminant Prism          Conj/Hex       4%         3d6       67%         4
 Olgreb's Toxic Radiance  Pois           8%         N/A       67%         4
 Yara's Violent Unravell  Hex/Tmut       9%         3d6       67%         5
 Agony                    Necr           8%         N/A       95%         5
 Excruciating Wounds      Necr           4%         N/A       95%         5
 Freezing Cloud           Conj/Ice/Air   4%         6-21      95%         5
 Iskenderun's Battlesphe  Conj           8%         2d6       95%         5
 Iron Shot                Conj/Erth      4%         9d2       100%        6
 Animate Skeleton         Necr           Unusable   N/A       N/A         1
 Summon Small Mammal      Summ           Unusable   N/A       N/A         1
 Spellforged Servitor     Conj/Summ      Unusable   N/A       N/A         7

Dungeon Overview and Level Annotations

Branches:
Dungeon (15/15)            Temple (1/1) D:4            Lair (6/6) D:9
 Shoals (0/4) Lair:2        Snake (4/4) Lair:3        Slime (0/5) Lair:6
    Orc (2/2) D:12            Elf (0/3) Orc:2        Vaults (0/5) D:14
 Depths (0/4) D:15        Ossuary (visited)         Gauntlet (visited)

Altars:
Ashenzari
Cheibriados
Dithmenos
Elyvilon
Fedhas
Gozag
Hepliaklqana
Kikubaaqudgha
Makhleb
Nemelex Xobeh
Okawaru
Qazlal
Ru
Sif Muna
Trog
Uskayaw
Vehumet
Wu Jian
Xom
Yredelemnul
Zin
The Shining One
Beogh

Shops:
D:1 *!:*!   D:4 **   D:7 *   D:12 *   D:14 :   Orc:1 (   Orc:2 ([*(=

Annotations:
Snake:3 1 runed translucent door, Hudoip's ghost, adept DsGl


Innate Abilities, Weirdness & Mutations

You are small and have problems with some larger weapons.
You are completely attuned to the shadows.


Message History

Unknown command.
Unknown command.
The naga warrior blocks your attack.
The naga warrior is severely wounded.
You feel sick. The naga warrior completely misses you.
You block the naga mage's attack.
You puncture the naga warrior!
The naga warrior is severely wounded.
You feel sick. The naga mage spits poison at you.
The splash of poison misses you. The naga mage constricts you.
You block the naga warrior's attack. The naga warrior spits poison at you.
The splash of poison misses you.
The naga warrior hits you with a +0 war axe.
The naga warrior blocks your attack.
The naga warrior is severely wounded.
You feel sick.
The naga warrior no longer looks unusually strong.
You block the naga warrior's attack. The naga mage barely misses you.
The naga mage constricts you. The naga mage closely misses you.
Unknown command.
The naga warrior blocks your attack.
The naga warrior is severely wounded.
You feel sick.
The naga warrior hits you with a +0 short sword.
* * * LOW HITPOINT WARNING * * *
The naga warrior roars a battlecry!
The naga warrior goes into a battle-frenzy!
The naga warrior hits you with a +0 war axe!
* * * LOW HITPOINT WARNING * * *
Unknown command.
As you read the scroll of teleportation, it crumbles to dust.
You feel strangely unstable.
You feel sick.
The naga mage no longer looks unusually strong. x2
The naga mage hits you but does no damage.
The naga mage constricts you.
* * * LOW HITPOINT WARNING * * *
The naga warrior hits you with a +0 mace!!
You die...

......)รท........#
.#N...N.
......)........#
.N#.... ..............#
.###... ..............#
.#..N.. ..............#
#...... .............#
#..#... .........#..#
#...... .....NNN#
#....N. ....#N@##
#......
....#N#N############..)
....#.##.)...NN).......
..###.....).N.......
....NN...N.)).......
#.#..#..##...........
##.##.##........... ##
#.#...#....##..
##.###.........


You could see 4 naga warriors and 2 naga magi.

Vanquished Creatures
  Vashnia (Snake:2)
  Jorgrun (Snake:3)
  Rupert (Lair:5)
  Frances (Snake:2)
  Kirke (D:12)
  A nagaraja (Snake:4)
  Aizul (Snake:4)
  An orc warlord (Orc:2)
  Azrael (D:15)
  A minotaur (Gauntlet)
  The ghost of TimeIsEndless the Bringer of Law, a journeyman FoFi of Zin (D:12)
  The ghost of StikS32 the Basher, a journeyman TrBe of Trog (D:12)
  2 fire dragons
  A great orb of eyes (D:13)
  Fannar (D:12)
  7 centaur warriors
  A salamander tyrant (Snake:4)
  15 naga warriors
  4 two-headed ogres
  3 catoblepae
  2 boulder beetles
  6 hydras
  An ogre mage (D:10)
  5 anacondas
  2 tengu warriors
  Urug (Orc:2)
  2 orc high priests
  7 shock serpents
  A vampire mage (D:15)
  12 naga sharpshooters
  5 salamander mystics
  2 skeletal warriors (D:15)
  2 sixfirhies (Gauntlet)
  A sea snake (Snake:3)
  An obsidian statue (D:12)
  2 wizards
  2 lindwurms (Lair:6)
  6 naga ritualists
  A necromancer (D:15)
  3 deep elf pyromancers
  A sphinx zombie (D:15)
  4 orc knights
  10 mana vipers
  2 oklob plants (Lair:6)
  3 orc sorcerers
  2 wolf spiders
  9 ugly things
  7 cyclopes
  16 elephants
  20 salamanders
  2 manticores
  A salamander (shapeshifter) (D:14)
  2 moths of wrath (Gauntlet)
  8 guardian serpents
  21 naga magi
  47 black mambas
  20 cane toads
  A merfolk siren (Lair:2)
  A smoke demon (Gauntlet)
  6 torpor snails (Lair:6)
  2 gargoyles
  3 rime drakes
  8 komodo dragons
  An unseen horror (D:11)
  Psyche (D:9)
  An efreet (D:13)
  A spriggan zombie (D:15)
  2 yaktaurs (D:14)
  A freezing wraith (D:15)
  9 trolls
  A meliai (D:10)
  3 polar bears
  4 tyrant leeches
  A queen bee (Lair:3)
  A merfolk (D:9)
  10 hornets (Lair:6)
  A slime creature (D:10)
  Grinder (D:4)
  12 blink frogs
  Sigmund (D:2)
  A vampire (D:12)
  3 redbacks
  A spriggan (Lair:6)
  A shadow (D:11)
  16 wyverns
  2 tarantellas (Orc:1)
  2 wraiths (D:13)
  6 hogs (D:12)
  44 yaks
  6 fire elementals
  3 steam dragons (D:9)
  A redback simulacrum (D:15)
  3 wargs
  3 basilisks
  6 vampire mosquitoes
  35 nagas
  4 swamp worms (Gauntlet)
  An acid dragon (D:11)
  3 hell hounds (D:15)
  29 water moccasins
  35 orc warriors
  3 black bears
  11 ogres
  2 sky beasts
  A black bear (shapeshifter) (D:14)
  4 boggarts (D:14)
  2 ice beasts (D:7)
  3 necrophages
  47 wolves
  12 centaurs
  2 phantoms
  3 kobold brigands
  Blork the orc (D:4)
  3 gnoll sergeants
  A scorpion (Lair:2)
  4 bullfrogs
  A water moccasin zombie (D:6)
  24 killer bees (Lair:3)
  4 wights (D:9)
  An electric eel (Snake:3)
  A howler monkey (D:7)
  4 crimson imps (Gauntlet)
  6 centaur zombies
  3 hounds (D:6)
  A lava snake (Lair:1)
  2 jellies
  A bullfrog zombie (D:7)
  14 orc priests
  Crazy Yiuf (D:2)
  A gnoll shaman (D:10)
  A bullfrog skeleton (D:3)
  Jessica (D:2)
  An iguana (D:7)
  17 orc wizards
  2 hound skeletons (D:4)
  4 mummies (Ossuary)
  3 howler monkey zombies (D:7)
  20 gnolls
  7 adders
  2 shadow imps (D:6)
  3 ufetubi
  2 worms
  3 dart slugs
  54 orcs
  2 bats (D:1)
  7 endoplasms
  2 giant cockroaches
  3 gnoll zombies (Ossuary)
  6 goblins
  6 hobgoblins
  2 quokkas
  5 ball pythons
  A frilled lizard (D:3)
  2 goblin zombies (Ossuary)
  8 kobolds
  A kobold zombie (Ossuary)
  An orc zombie (Ossuary)
  2 rats (D:2)
893 creatures vanquished.

Vanquished Creatures (others)
  A naga warrior (Snake:2)
  A naga sharpshooter (Snake:4)
  A golden dragon zombie (D:15)
  A frost giant zombie (D:15)
  A yak (D:10)
  A naga (Snake:3)
  An orc wizard (Orc:2)
  54 fungi
  90 plants
  15 withered plants (D:15)
166 creatures vanquished.

Grand Total: 1059 creatures vanquished

Notes
Turn   | Place    | Note
-------+----------+-------------------------------------------
     0 | D:1      | KristoblXynda the Kobold Gladiator began the quest for the
                  | Orb.
     0 | D:1      | Reached XP level 1. HP: 12/12 MP: 1/1
    43 | D:1      | Found Ochibb's Distillery.
    61 | D:1      | Found Juod's Assorted Antiques.
    70 | D:1      | Found Toar's Book Boutique.
   284 | D:1      | Found Editug's General Store.
   419 | D:1      | Reached XP level 2. HP: 18/18 MP: 2/2
   456 | D:1      | Found Ibezogyl's Distillery.
   513 | D:1      | Reached skill level 1 in Stealth
   521 | D:1      | Found a faded altar of an unknown god.
  1053 | D:2      | Reached XP level 3. HP: 22/22 MP: 3/3
  1062 | D:2      | Noticed Jessica
  1064 | D:2      | Killed Jessica
  1065 | D:2      | Reached XP level 4. HP: 27/27 MP: 4/4
  1182 | D:2      | Noticed Sigmund
  1200 | D:2      | Killed Sigmund
  1201 | D:2      | Reached skill level 5 in Short Blades
  1201 | D:2      | Reached skill level 5 in Dodging
  1201 | D:2      | Reached XP level 5. HP: 9/33 MP: 5/5
  1201 | D:2      | Reached XP level 6. HP: 10/38 MP: 6/6
  1708 | D:2      | Found a runed translucent door.
  1711 | D:2      | Noticed Crazy Yiuf
  2013 | D:2      | Killed Crazy Yiuf
  2733 | D:4      | Reached XP level 7. HP: 43/43 MP: 7/7
  2787 | D:4      | Noticed Blork the orc
  3093 | D:4      | Killed Blork the orc
  3094 | D:4      | Reached skill level 6 in Short Blades
  3198 | D:4      | Found Daixkink's Elemental Accessories.
  3222 | D:4      | Found a staircase to the Ecumenical Temple.
  3240 | Temple   | Entered the Ecumenical Temple
  3508 | D:4      | Noticed Grinder
  3513 | D:4      | Killed Grinder
  3514 | D:4      | Reached skill level 5 in Stealth
  3597 | D:4      | Found Ukyuh's Assorted Antiques.
  3975 | D:4      | Found a white marble altar of Elyvilon.
  4037 | D:5      | Entered Level 5 of the Dungeon
  4098 | D:5      | Reached skill level 5 in Fighting
  4098 | D:5      | Reached XP level 8. HP: 47/49 MP: 8/8
  4243 | D:5      | Reached skill level 7 in Short Blades
  4503 | D:5      | Found a sand-covered staircase.
  4508 | Ossuary  | Entered an ossuary
  4937 | D:5      | Identified the +1 ring mail of Masochism {rC+}
  5164 | D:5      | Reached XP level 9. HP: 55/55 MP: 9/9
  5166 | D:5      | Reached skill level 8 in Short Blades
  5166 | D:5      | Reached skill level 1 in Armour
  5733 | D:6      | Found an iron altar of Okawaru.
  5802 | D:6      | Became a worshipper of Warmaster Okawaru
  6264 | D:6      | Reached skill level 9 in Short Blades
  6489 | D:6      | Found an opulent altar of Gozag.
  6648 | D:7      | Found a broken altar of Ashenzari.
  6714 | D:7      | Reached * piety under Okawaru
  6734 | D:7      | Reached XP level 10. HP: 56/60 MP: 10/10
  7180 | D:7      | Found Lut Xawu's Mass Market.
  7415 | D:7      | Found a radiant altar of Vehumet.
  7522 | D:7      | Found a blossoming altar of Fedhas.
  8103 | D:8      | Reached skill level 10 in Short Blades
  8113 | D:8      | Reached skill level 10 in Stealth
  8227 | D:8      | Reached ** piety under Okawaru
  8728 | D:8      | Noticed a cyclops
  8731 | D:8      | Killed a cyclops
  9544 | D:9      | Found a staircase to the Lair.
  9626 | D:9      | Reached *** piety under Okawaru
 10122 | D:9      | Noticed Psyche
 10126 | D:9      | Killed Psyche
 10127 | D:9      | Reached skill level 1 in Evocations
 10163 | D:9      | Reached skill level 10 in Dodging
 10164 | D:9      | Reached XP level 11. HP: 25/64 MP: 11/11
 10744 | D:9      | Reached skill level 11 in Short Blades
 10867 | D:10     | Entered Level 10 of the Dungeon
 10893 | D:10     | Noticed a white ugly thing
 10909 | D:10     | Killed a white ugly thing
 10910 | D:10     | Reached skill level 5 in Armour
 11092 | D:9      | Learned a level 2 spell: Wereblood
 11295 | D:10     | Noticed a deep elf pyromancer
 11361 | D:10     | Reached **** piety under Okawaru
 11380 | D:10     | Killed a deep elf pyromancer
 11380 | D:10     | Received a gift from Okawaru
 11684 | D:10     | Noticed a wizard
 11688 | D:10     | Killed a wizard
 11818 | D:10     | Noticed an ogre mage
 11828 | D:10     | Killed an ogre mage
 12629 | D:10     | Noticed a two-headed ogre
 12647 | D:10     | Killed a two-headed ogre
 12647 | D:10     | Reached ***** piety under Okawaru
 12682 | D:10     | Reached skill level 12 in Short Blades
 12870 | D:10     | Found a sparkling altar of Nemelex Xobeh.
 12878 | D:10     | Found a burning altar of Makhleb.
 12882 | D:10     | Found a shadowy altar of Dithmenos.
 12892 | D:10     | Found a sacrificial altar of Ru.
 12936 | D:10     | Found a shimmering blue altar of Sif Muna.
 13078 | D:11     | Reached skill level 5 in Evocations
 13226 | D:11     | Noticed a two-headed ogre
 13235 | D:11     | Killed a two-headed ogre
 13235 | D:11     | Received a gift from Okawaru
 13236 | D:11     | Reached XP level 12. HP: 60/72 MP: 12/12
 13726 | D:11     | Received a gift from Okawaru
 13744 | D:11     | Noticed a six-headed hydra
 13748 | D:11     | Killed a six-headed hydra
 14590 | D:1      | Bought a scroll of acquirement for 676 gold pieces
 14616 | D:1      | Bought 2 potions of invisibility for 176 gold pieces
 14616 | D:1      | Bought a potion of heal wounds for 55 gold pieces
 14616 | D:1      | Acquired a +6 quick blade
 14822 | D:12     | Noticed a six-headed hydra
 15038 | D:12     | Noticed Fannar
 15042 | D:12     | Killed Fannar
 15067 | D:12     | Found a sparkling altar of Nemelex Xobeh.
 15372 | D:12     | Noticed Kirke
 15402 | D:12     | Killed Kirke
 15403 | D:12     | Reached skill level 13 in Short Blades
 15570 | D:12     | Received a gift from Okawaru
 15696 | D:12     | Killed a six-headed hydra
 15846 | D:12     | Found a runed translucent gate.
 15848 | D:12     | Found a runed translucent gate.
 15849 | D:12     | Found a runed translucent gate.
 16099 | D:12     | Found a staircase to the Orcish Mines.
 16102 | D:12     | Reached skill level 1 in Spellcasting
 16102 | D:12     | Reached XP level 13. HP: 79/79 MP: 12/14
 16332 | D:12     | Found Cuuvaizxint's Demolitions Depot.
 16492 | D:13     | Reached XP level 14. HP: 84/84 MP: 16/16
 16571 | D:13     | Identified the +5 rapier "Dragonbane" {antimagic, *Corrode
                  | rN+++ Str+4 Stlth+}
 17083 | D:13     | Reached ****** piety under Okawaru
 17331 | D:13     | Reached skill level 1 in Transmutations
 17840 | D:14     | Found a glowing golden altar of the Shining One.
 17943 | D:14     | Identified the +2 pair of gloves of Lethargy {Int+4}
                  | (Okawaru gifted it to you on level 14 of the Dungeon)
 17943 | D:14     | Received a gift from Okawaru
 18525 | D:14     | Found Zekel's Self-Improvement Boutique.
 18736 | D:14     | Reached skill level 14 in Short Blades
 18996 | D:14     | Found a gate to the Vaults.
 19563 | D:14     | Reached skill level 10 in Fighting
 20204 | D:14     | Identified the +5 short sword "Imicro Zicha" {spect, +Blink
                  | Str-5 Stlth+}
 20692 | D:14     | Reached XP level 15. HP: 80/92 MP: 14/17
 20836 | D:15     | Entered Level 15 of the Dungeon
 20865 | D:15     | Found a shadowy altar of Dithmenos.
 21253 | D:15     | Received a gift from Okawaru
 21298 | D:15     | Found a staircase to the Depths.
 21506 | D:15     | Noticed Azrael
 21983 | Lair:1   | Entered Level 1 of the Lair of Beasts
 22020 | Lair:1   | Reached skill level 1 in Shields
 22788 | Lair:1   | Reached skill level 10 in Evocations
 22824 | Lair:1   | Reached skill level 5 in Transmutations
 22897 | Lair:1   | Reached skill level 15 in Short Blades
 22910 | Lair:1   | Received a gift from Okawaru
 24157 | Lair:2   | Found a staircase to the Shoals.
 25354 | Lair:3   | Found a staircase to the Snake Pit.
 26465 | Lair:3   | Received a gift from Okawaru
 27560 | Lair:5   | Noticed Rupert
 27603 | Lair:5   | Killed Rupert
 27604 | Lair:5   | Reached skill level 16 in Short Blades
 28601 | Lair:6   | Entered Level 6 of the Lair of Beasts
 28645 | Lair:6   | Found a gate leading to a gauntlet.
 28651 | Gauntlet | Entered a Gauntlet
 28651 | Gauntlet | Found a transporter.
 28769 | Gauntlet | Found a transporter.
 28769 | Gauntlet | Found a transporter.
 28783 | Gauntlet | Found a transporter.
 28783 | Gauntlet | Found a transporter.
 28798 | Gauntlet | Found a transporter.
 28798 | Gauntlet | Found a transporter.
 28807 | Gauntlet | Found a transporter.
 28813 | Gauntlet | Found a transporter.
 28828 | Gauntlet | Found a transporter.
 28843 | Gauntlet | Found a transporter.
 28855 | Gauntlet | Found a transporter.
 28869 | Gauntlet | Found a transporter.
 28881 | Gauntlet | Found a transporter.
 29244 | Gauntlet | Reached XP level 16. HP: 100/100 MP: 18/18
 29264 | Gauntlet | Identified the +2 pair of boots of Tifan {rC+ Regen+ Int+2}
 29674 | Lair:6   | Reached skill level 15 in Dodging
 29687 | Lair:6   | Identified the +3 buckler of the Realm of Zot {-Cast rCorr
                  | SInv Stlth-} (Okawaru gifted it to you on level 6 of the
                  | Lair of Beasts)
 29687 | Lair:6   | Received a gift from Okawaru
 30342 | Lair:6   | Reached skill level 5 in Shields
 31230 | Lair:6   | Reached skill level 17 in Short Blades
 31420 | Lair:6   | Found a staircase to the Slime Pits.
 31948 | Lair:6   | Found a runed translucent door.
 31985 | Lair:6   | Reached skill level 1 in Invocations
 32049 | Lair:6   | Identified the +10 short sword of Zastogeun {vorpal, Dex+2
                  | Stlth+} (Okawaru gifted it to you on level 6 of the Lair of
                  | Beasts)
 32049 | Lair:6   | Received a gift from Okawaru
 32878 | D:15     | Reached XP level 17. HP: 107/108 MP: 19/19
 33182 | D:15     | Killed Azrael
 33563 | D:12     | Bought a wand of mindburst (10) for 154 gold pieces
 33563 | D:12     | Bought a wand of iceblast (9) for 143 gold pieces
 33609 | D:12     | Noticed StikS32's ghost (journeyman TrBe)
 33609 | D:12     | Noticed TimeIsEndless's ghost (journeyman FoFi)
 33613 | D:12     | Killed StikS32's ghost
 33616 | D:12     | Killed TimeIsEndless's ghost
 33680 | Orc:1    | Entered Level 1 of the Orcish Mines
 34455 | Orc:1    | Found Ilost's Antique Weapon Shop.
 34524 | Orc:1    | Received a gift from Okawaru
 34816 | Orc:2    | Entered Level 2 of the Orcish Mines
 34843 | Orc:2    | Found a staircase to the Elven Halls.
 35043 | Orc:2    | Found Cicod's Weapon Boutique.
 35193 | Orc:2    | Noticed Urug
 35217 | Orc:2    | Killed Urug
 35537 | Orc:2    | Reached skill level 18 in Short Blades
 35539 | Orc:2    | Found Kulorus's Antique Armour Shop.
 35706 | Orc:2    | Found Ytadelez's Antique Weapon Shop.
 35781 | Orc:2    | Found Ewixteg's Jewellery Shop.
 35786 | Orc:2    | Bought the ring of Rolip {+Blink rPois rF+ AC+4 Str-5
                  | Int+4} for 827 gold pieces
 35798 | Orc:2    | Found Tucvir's General Store.
 35803 | Orc:2    | Bought a scroll of enchant weapon for 127 gold pieces
 36141 | Snake:1  | Entered Level 1 of the Snake Pit
 36909 | Snake:1  | Identified the +11 short sword "Gufes" {drain, *Corrode
                  | rElec rN+ Str+3} (Okawaru gifted it to you on level 1 of
                  | the Snake Pit)
 36909 | Snake:1  | Received a gift from Okawaru
 37541 | Snake:1  | Acquired the +4 dagger "Morg" {pain, Will+ Int+5}
 37541 | Snake:1  | Found the +4 dagger "Morg" {pain, Will+ Int+5}
 37559 | Snake:2  | Noticed Vashnia
 37584 | Snake:2  | Received a gift from Okawaru
 37612 | Snake:2  | HP: 1/109 [salamander (6)]
 37713 | Snake:2  | Killed Vashnia
 37792 | Snake:2  | Reached XP level 18. HP: 115/115 MP: 24/24
 38077 | Snake:2  | Reached skill level 5 in Spellcasting
 38108 | Snake:2  | Reached skill level 19 in Short Blades
 38323 | Snake:2  | Noticed Frances
 38327 | Snake:2  | Killed Frances
 38355 | Snake:2  | Received a gift from Okawaru
 38738 | Snake:3  | Learned a level 5 spell: Silence
 38837 | Snake:3  | Reached skill level 10 in Armour
 38932 | Snake:3  | Noticed Jorgrun
 38934 | Snake:3  | Killed Jorgrun
 38940 | Snake:3  | Found a runed translucent door.
 40170 | Snake:3  | Identified the +0 cloak of Testrod {*Corrode rElec Str+6}
 40430 | Snake:3  | Found a shimmering altar of Xom.
 40430 | Snake:3  | Noticed Hudoip's ghost (adept DsGl)
 40617 | Snake:4  | Entered Level 4 of the Snake Pit
 40670 | Snake:4  | Reached skill level 5 in Invocations
 41007 | Snake:4  | Received a gift from Okawaru
 41285 | Snake:4  | Noticed Aizul
 41289 | Snake:4  | Killed Aizul
 41290 | Snake:4  | Reached XP level 19. HP: 120/120 MP: 29/29
 41333 | Snake:4  | Reached skill level 20 in Short Blades
 41600 | Snake:4  | Mangled by a naga warrior

Illustrated notes

Levels and vault maps discovered:
D:1:      minmay_arrival_shattered_statue, layout_basic,
          chequers_ecumenical_altar_grove, serial_shops, nicolae_shop_stone,
          shop, nicolae_shop_window_shopping, shop, nicolae_shop_trees
D:2:      layout_basic, grunt_decor_resistance, uniq_crazy_yiuf_cottage,
          uniq_sigmund, uniq_jessica
D:3:      layout_loops_ring
D:4:      layout_rooms, mainiacjoe_overflow_concentric_impassable,
          minmay_temple_entry_overgrown, serial_glass, glass_columns_c,
          glass_columns_a, item_on_display_a, due_unseen_surprise,
          feat_on_display, serial_shops, shop, eino_tiny_chamber,
          nicolae_elemental_shop, lemuel_old_faithful, uniq_grinder,
          uniq_blork_the_orc
D:5:      layout_cave_pools, nicolae_ossuary_entry_plus,
          minmay_fractal_squares_gapless_5
D:6:      layout_cave_pools, nicolae_overflow_crystal_walls,
          mainiacjoe_overflow_alcove_1
D:7:      layout_loops_corners, fiery_altar_vehumet,
          mainiacjoe_overflow_boulevard, ashenzari_altar_1, minmay_shop_mass,
          minmay_misc_feat_square, minmay_between
D:8:      layout_layer_cave
D:9:      kennysheep_steamy, layout_long_grid, dpeg_oklobed_lair,
          chequers_serial_rivers_micro_d, hangedman_fish_farm, uniq_psyche
D:10:     minmay_cut_squares, layout_loops_ring, minmay_overflow_temple_star_hex
D:11:     layout_loops_ring, nicolae_straight_to_the_point
D:12:     layout_gridville, kennysheep_orc_monster_closet_entryway,
          gammafunk_ghost_cemetery, nicolae_blasting_shop, minivault_16,
          nemelex_xobeh_ov_fountains_minmay, uniq_fannar, uniq_kirke
D:13:     layout_irregular_city
D:14:     minmay_the_grid_triangle_9x9_rhombus_thin_mashed
          [minmay_the_grid_triangle_9x9_stretched_checkered,
          minmay_the_grid_triangle_9x9_prize_center,
          minmay_the_grid_triangle_9x9_pentomino_pain,
          minmay_the_grid_triangle_9x9_minimal], layout_cave_pools,
          david_vaults_1, tso_altar, nicolae_shop_self_help
D:15:     gammafunk_depths_entry_grave, layout_gridville, grunt_dithmenos_smoke,
          uniq_azrael
Temple:   minmay_temple_curvy_loop
Lair:1:   layout_gridlike
Lair:2:   layout_regular_city, minmay_shoals_entry_lonely_mermaid
Lair:3:   layout_roguey, minmay_snake_entry_six_corridors, special_room
          [special_room_bee], serial_bayou_crossing
Lair:4:   layout_loops_ring, cheibrodos_lair_reptile_den
Lair:5:   layout_loops_ring, lemuel_fruit_fields, grunt_megastairs_5,
          uniq_rupert
Lair:6:   wormcave, layout_big_grid, hangedman_lair_tendril_chambers,
          minmay_slime_entry_oklob_enclosed, gauntlet_entry_generic,
          grunt_forest_large_clearings
Snake:1:  layout_rooms, grunt_megastairs_2
Snake:2:  layout_rooms, uniq_vashnia, uniq_frances
Snake:3:  layout_layer_cave, ebering_ghost_xom, grunt_megastairs_1,
          serial_bayou_shore_a, uniq_jorgrun
Snake:4:  snake_pit, layout_cave_shapes, uniq_aizul
Orc:1:    nicolae_orc_accident_3, layout_caves, serial_shops, shop
Orc:2:    grunt_orc_cross, layout_caves, serial_shops, nicolae_shop_crystal

Skill      XL: |  1  2  3  4  5  6  7  8  9 10 11 12 13 14 15 16 17 18 19 |
---------------+----------------------------------------------------------+-----
Stealth        | 1 2 3 4 5 7 9 11 12 13 14 | 14.2
Dodging        | 4 5 6 7 8 10 11 12 13 14 16 17 18 | 18.5
Fighting       | 3 4 5 7 8 10 11 13 | 13.7
Short Blades   | 5 6 7 9 10 12 13 14 16 17 18 19 20 | 20.0
Armour         | 3 4 5 8 9 10 | 10.1
Evocations     | 1 5 7 9 10 | 10.0
Spellcasting   | 1 4 7 |  7.4
Transmutations | 4 5 |  5.0
Shields        | 4 6 |  6.0
Invocations    | 2 4 5 6 |  6.2
Throwing       | |  2.1

Action                   |  1- 3 |  4- 6 |  7- 9 | 10-12 | 13-15 | 16-18 | 19-21 || total
-------------------------+-------+-------+-------+-------+-------+-------+-------++-------
Melee: Rapier            |    25 |       |       |       |    58 |       |       ||    83
       Dagger            |       |    66 |   348 |   360 |       |       |       ||   774
       Short sword       |       |       |       |   258 |       |  1138 |   114 ||  1510
       Quick blade       |       |       |       |   220 |  1744 |  2322 |       ||  4286
       Punch             |       |       |       |       |     2 |       |       ||     2
Throw: Throwing net      |       |     1 |       |       |       |       |       ||     1
 Cast: Wereblood         |       |       |       |       |       |     2 |     3 ||     5
Invok: Heroism           |       |       |       |       |     2 |     3 |       ||     5
 Abil: Evoke Blink       |       |       |       |       |       |     1 |       ||     1
Evoke: Wand              |       |       |       |    19 |     6 |    17 |     1 ||    43
       Tin of tremorston |       |       |       |     2 |     1 |       |     2 ||     5
       Lightning rod     |       |       |       |       |     4 |       |       ||     4
       Phial of floods   |       |       |       |       |     3 |       |       ||     3
       Condenser vane    |       |       |       |       |       |     1 |       ||     1
  Use: Scroll            |       |     1 |     7 |    17 |    12 |     9 |     2 ||    48
       Potion            |       |       |       |     4 |     5 |     8 |       ||    17
 Stab: Sleeping          |     8 |    20 |    22 |    20 |    29 |    46 |     3 ||   148
       Distracted        |       |       |     1 |     1 |     9 |     9 |       ||    20
       Paralysed         |       |       |       |     5 |       |     1 |       ||     6
       Invisible         |       |       |       |       |     1 |       |       ||     1
Armor: Leather armour    |     7 |     6 |    15 |       |       |       |       ||    28
       Ring mail         |       |       |    32 |    86 |       |       |       ||   118
       Acid dragon scale |       |       |       |    25 |   142 |   300 |     9 ||   476
       Fire dragon scale |       |       |       |       |    35 |       |       ||    35
Dodge: Dodged            |    15 |    21 |   183 |   462 |   779 |  1607 |    99 ||  3166
       Repelled          |       |       |       |       |       |    11 |    10 ||    21
Block: Other             |       |       |    43 |   107 |    62 |       |       ||   212
       Reflection        |       |       |       |       |     2 |    62 |     9 ||    73
       Buckler           |       |       |       |       |   344 |  1335 |    69 ||  1748

Table legend: (Time is in decaauts)
 A = Elapsed time spent in this place.
 B = Non-inter-level travel time spent in this place.
 C = Inter-level travel time spent in this place.
 D = Time resting spent in this place.
 E = Time spent auto-exploring this place.
 F = Levels seen in this place.
 G = Mean time per level.
                   A        B        C        D        E       F      G
               +--------+--------+--------+--------+--------+-----+--------+
         Total |  37668 |  35622 |   2046 |   8571 |  19831 |  30 | 1255.6 |
       Dungeon |  21473 |  20051 |   1422 |   6070 |  11001 |  15 | 1431.5 |
        Temple |    248 |    234 |     14 |      0 |    228 |   1 |  248.0 |
          Lair |   8315 |   7899 |    416 |    786 |   5524 |   6 | 1385.8 |
     Snake Pit |   4447 |   4414 |     33 |    895 |   1944 |   4 | 1111.8 |
  Orcish Mines |   1988 |   1828 |    160 |    210 |   1119 |   2 |  994.0 |
       Ossuary |    367 |    367 |      0 |    160 |     14 |   1 |  367.0 |
      Gauntlet |    826 |    826 |      0 |    450 |      0 |   1 |  826.0 |
               +--------+--------+--------+--------+--------+-----+--------+

Top non-repeatable levels by time:
    D:14: 2621 daAuts
     D:9: 1957 daAuts
    D:10: 1948 daAuts
  Lair:6: 1940 daAuts
 Snake:3: 1925 daAuts
    D:15: 1699 daAuts
    D:12: 1674 daAuts
    D:13: 1540 daAuts
  Lair:3: 1536 daAuts
  Lair:1: 1527 daAuts
  Lair:2: 1431 daAuts
     D:7: 1334 daAuts
    D:11: 1288 daAuts
     D:8: 1262 daAuts
     D:6: 1147 daAuts
